 Dungeon Crawl Stone Soup version 0.20.0-8-g6b59dc7 (webtiles) character file.

51 Ketharn the Conjurer (level 3, -2/19 HPs)
             Began as a Deep Elf Conjurer on May 31, 2017.
             Engulfed by a cloud of flame (19 damage)
             ... on level 1 of the Dungeon.
             The game lasted 00:05:37 (916 turns).

Ketharn the Conjurer (Deep Elf Conjurer)             Turns: 916, Time: 00:05:38

Health: -2/19      AC:  2    Str:  6    XL:     3   Next: 58%
Magic:  9/9        EV: 13    Int: 19    God:
Gold:   24         SH:  0    Dex: 15    Spells: 7/8 levels left

rFire    . . .     SeeInvis .   g - +4 dagger
rCold    . . .     Gourm    .   (no shield)
rNeg     . . .     Faith    .   a - +0 robe
rPois    .         Spirit   .   (no helmet)
rElec    .         Reflect  .   (no cloak)
rCorr    .         Harm     .   (no gloves)
MR       .....                  (no boots)
Stlth    ++........             (no amulet)
Regen    0.1/turn               (no ring)
MPRegen  0.2/turn               (no ring)

@: no status effects
A: no striking features
a: no special abilities


You were on level 1 of the Dungeon.
You were not hungry.

You visited 1 branch of the dungeon, and saw 1 of its levels.

You collected 24 gold pieces.

Inventory:

Hand Weapons
 g - a +4 dagger (weapon)
Armour
 a - a +0 robe (worn)
Jewellery
 e - an uncursed ring of protection from fire {unknown}
Scrolls
 k - a scroll of remove curse
 l - a scroll of identify
 m - a scroll of magic mapping {unknown}
 n - a scroll of teleportation {unknown}
Potions
 f - 2 potions of agility
 h - 2 potions of curing {unknown}
 i - a potion of lignification {unknown}
 j - 2 potions of resistance {unknown}
Books
 b - a book of Conjurations

   Spells                             Type                      Level
   a - Magic Dart                     Conjuration                  1
   b - Searing Ray                    Conjuration                  2
   c - Dazzling Spray                 Conjuration/Hexes            3
   d - Fulminant Prism                Conjuration/Hexes            4
   e - Force Lance                    Conjuration/Translocation    4
   f - Iskenderun's Mystic Blast      Conjuration                  4
Comestibles
 c - a bread ration
 d - 6 chunks of flesh


   Skills:
 - Level 2.5 Dodging
 - Level 2.5 Stealth
 - Level 3.1 Spellcasting
 * Level 5.7 Conjurations


You had 7 spell levels left.
You knew the following spells:

 Your Spells              Type           Power        Failure   Level  Hunger
a - Magic Dart            Conj           ###.         1%          1    None


Dungeon Overview and Level Annotations

Branches:
Dungeon (1/15)

Altars:


Message History

Items here: %% ( ) a dagger; 14 stones; 2 inedible chunks of flesh x2
Things that are here:
3 inedible chunks of flesh; an inedible chunk of flesh; a kobold skeleton You start resting.
Magic restored.
Something bites the bush.
Something bites the bush but does no damage.
The leopard gecko bites the bush but does no damage.
Found 6 poisoned needles.
The leopard gecko bites the bush but does no damage.
The leopard gecko bites the bush but does no damage.
The leopard gecko bites the plant but does no damage.
Really walk into that cloud of flame?
Uppercase [Y]es or [N]o only, please.
Really walk into that cloud of flame?
Really walk into a travel-excluded area?
You are engulfed in blazing flames.
Ouch! That really hurt!
You die...

#....>................
#.....................
#....))...............
#####%########...#####
#♣##.P#P♣####...#####
♣PP...PP♣#......+.#..
♣P..÷..P♣####...#.#.#
♣.......♣#...........
#...@...P#.....####.#
#.....÷≈♣#..........#
♣#....÷P♣#.....######
♣PP...PP♣#.....#
#PP###PP##.....#
♣P#.ll#P##.....######
♣P#r..#P##..........#
#P.PPP♣#..........#
##..........#


You could see 2 leopard geckos and a rat.

Vanquished Creatures
  2 gnolls (D:1)
  A dart slug (D:1)
  A giant cockroach (D:1)
  2 goblins (D:1)
  A hobgoblin (D:1)
  8 jackals (D:1)
  7 kobolds (D:1)
  2 bats (D:1)
  A frilled lizard (D:1)
  A rat (D:1)
26 creatures vanquished.

Notes
Turn   | Place    | Note
-------+----------+-------------------------------------------
     0 | D:1      | Ketharn the Deep Elf Conjurer began the quest for the Orb.
     0 | D:1      | Reached XP level 1. HP: 10/10 MP: 6/6
   209 | D:1      | Reached XP level 2. HP: 15/15 MP: 5/8
   225 | D:1      | Reached skill level 5 in Conjurations
   436 | D:1      | Reached XP level 3. HP: 19/19 MP: 2/9
   916 | D:1      | Engulfed by a cloud of flame

Skill      XL: |  1  2 |
---------------+-------+-----
Conjurations   | 5 |  5.7
Dodging        | |  2.5
Stealth        | |  2.5
Spellcasting   | |  3.1

Action                   || total
-------------------------++-------
Melee: Dagger            ||     8
 Cast: Magic Dart        ||    61
  Use: Scroll            ||     2
Armor: Robe              ||     2
Dodge: Dodged            ||    11
